 Dungeon Crawl Stone Soup version 0.30-a0-137-gd8773701ce (webtiles) character file.

Game seed: 17885376194689320145

19 Sobieck the Insei (level 2, 0/18 HPs)
             Began as an Octopode Transmuter on Sept 23, 2022.
             Slain by a bat (1 damage)
             ... on level 1 of the Dungeon.
             The game lasted 00:01:24 (802 turns).

Sobieck the Insei (Octopode Transmuter)              Turns: 802, Time: 00:01:24

Health: 0/18       AC:  1    Str:  9    XL:     2   Next: 75%
Magic:  5/5        EV: 13    Int: 15    God:
Gold:   72         SH:  0    Dex: 12    Spells: 4/5 levels left

rFire   . . .      SeeInvis .      - Unarmed
rCold   . . .      Faith    .    (no shield)
rNeg    . . .      Spirit   .    (helmet restricted)
rPois   .          Reflect  .    (no amulet)
rElec   .          Harm     .    (no ring)
rCorr   .          Rampage  .    (no ring)
Will    .....                    (no ring)
Stlth   +++.......               (no ring)
HPRegen 0.06/turn                (no ring)
MPRegen 0.09/turn                (no ring)
                                 (no ring)
                                 (no ring)

@: no status effects
A: almost no armour, amphibious, 8 rings, camouflage 1, gelatinous body 1,
(nimble swimmer 1), tentacles
a: no special abilities


You were on level 1 of the Dungeon.
You visited 1 branch of the dungeon, and saw 1 of its levels.

You collected 72 gold pieces.


Innate Abilities, Weirdness & Mutations

You cannot wear most types of armour.
You are amphibious.
You can wear up to eight rings at the same time.
Your skin changes colour to match your surroundings (Stealth+).
Your rubbery body absorbs attacks. (AC +1, EV +1)
((You are camouflaged when in or above water. (Stealth+)))
You have tentacles for arms and can constrict up to eight enemies at once.


   Skills:
 + Level 1.4 Fighting
 + Level 2.3 Dodging
 - Level 1.0 Stealth
 + Level 3.2 Unarmed Combat
 - Level 2.0 Spellcasting
 + Level 2.2 Transmutations


You had 4 spell levels left.
You knew the following spells:

 Your Spells              Type           Power      Damage    Failure   Level
a - Beastly Appendage     Tmut           16%        N/A       9%          1

Your spell library contained the following spells:

 Spells                   Type           Power      Damage    Failure   Level
 Wereblood                Tmut           8%         N/A       13%         2
 Spider Form              Tmut/Pois      4%         N/A       38%         3
 Ice Form                 Ice/Tmut       4%         N/A       80%         4

Inventory:

Missiles
 g - 4 atropa-tipped darts {throwing}
 j - 5 stones {throwing}
Magical Staves
 e - a staff of air {!astaff}
   (You found it on level 1 of the Dungeon)
Jewellery
 i - a ring of ice
   (You found it on level 1 of the Dungeon)
Scrolls
 b - 3 scrolls of identify {unknown}
 c - a scroll of noise {unknown}
 d - a scroll of enchant weapon {unknown}
 f - a scroll of magic mapping {unknown}
 h - a scroll of vulnerability {unknown}
Potions
 a - a potion of lignification {!q}

Dungeon Overview and Level Annotations

Branches:
Dungeon (1/15) Zot: 5198

Altars:

Shops:
D:1

[ ###.##########.##.
###...............##
#...#.#####.........
##.###.#####.####....
#>.# #........# #..#.
#.## #######..# #..##
#.# ######..# #..##
#.#####.......###..#
#.#!@b#.#.....#....#
#.#.#.#.#.###.#.#.##
#.#J#.#.#.#####.#.###
#.#g#.#.#............
#.#.#.#.#######.#.###
#†#.#.#.# #.#....
#...#.#.# #.#####
#...#.#.# ..# #......
###


You could see an endoplasm, a goblin and a bat.


Message History

You tentacle-slap the endoplasm but do no damage.
The endoplasm misses you.
You tentacle-slap the endoplasm.
You kill the endoplasm!
Unknown command.
You start resting.
Unknown command.
You now have 72 gold pieces (gained 5).
Found a stone staircase leading down.
Unknown command.
There is a stone staircase leading down here.
A quokka comes into view.
Danger!
One of your tentacles grows a vicious spike.
A hobgoblin comes into view. 2 ball pythons come into view.
You closely miss the quokka. Your grab misses the quokka.
You pierce the quokka.
The ball python misses you. The ball python grabs you.
The ball python constricts you. The quokka bites you.
You escape the ball python's grasp.
The ball python bites you. The ball python misses you.
The quokka attacks as you move away! The quokka barely misses you.
Unknown command.
You tentacle-slap the quokka but do no damage.
You grab the quokka.
You pierce the quokka, but do no damage.
You squeeze the quokka.
You kill the quokka!
You tentacle-slap the ball python.
You kill the ball python!
Unknown command.
Things that are here:
a ball python corpse; a quokka corpse A bat comes into view.
The hobgoblin closely misses you.
Unknown command.
You barely miss the hobgoblin. You grab the hobgoblin.
You pierce the hobgoblin.
You constrict the hobgoblin, but do no damage.
The ball python hisses angrily.
The hobgoblin hits you.
* * * LOW HITPOINT WARNING * * *
You tentacle-slap the hobgoblin but do no damage.
You pierce the hobgoblin, but do no damage.
You constrict the hobgoblin.
You kill the hobgoblin!
An endoplasm comes into view.
Unknown command.
Your transformation is almost over.
The bat hits you.
* * * LOW HITPOINT WARNING * * *
You barely miss the bat. You grab the bat.
Your tentacle spike misses the bat.
You constrict the bat. The bat hits you.
* * * LOW HITPOINT WARNING * * *
The bat struggles to escape constriction.
The bat escapes!
Unknown command.
You tentacle-slap the ball python. Your grab misses the ball python.
Your tentacle-slap misses the ball python.
Your squeeze misses the ball python. The bat completely misses you.
The ball python bites you.
* * * LOW HITPOINT WARNING * * *
The ball python misses you.
A goblin comes into view. It is wielding a +0 club.
Unknown command.
The goblin shouts!
You tentacle-slap the ball python but do no damage.
Your grab misses the ball python.
Your tentacle spike misses the ball python.
The bat closely misses you. The ball python bites you.
* * * LOW HITPOINT WARNING * * *
The ball python barely misses you.
Unknown command.
The ball python attacks as you move away!
The ball python bites you.
* * * LOW HITPOINT WARNING * * *
The ball python closely misses you. The bat barely misses you.
The ball python closely misses you. x2
You see here a +0 robe.
Unknown command.
The ball python attacks as you move away!
The ball python misses you. The ball python closely misses you.
The bat hits you.
* * * LOW HITPOINT WARNING * * *
Unknown command.
You tentacle-slap the ball python.
You kill the ball python!
The bat hits you.
* * * LOW HITPOINT WARNING * * *
Unknown command.
Your tentacle spike disappears.
The bat hits you.
* * * LOW HITPOINT WARNING * * *
The bat barely misses you.
Unknown command.
You miss the bat. You grab the bat.
You constrict the bat, but do no damage.
The bat hits you.
You die...

Skill      XL: |  1  2 |
---------------+-------+-----
Stealth        | 1 |  1.0
Fighting       | |  1.4
Dodging        | |  2.3
Unarmed Combat | |  3.2
Spellcasting   | |  2.0
Transmutations | |  2.2

Action                   || total
-------------------------++-------
Melee: Unarmed           ||    28
       Tentacles         ||     8
       Constrict         ||     9
       Kick              ||     9
 Cast: Beastly Appendage ||     5
 Stab: Sleeping          ||     1
Dodge: Dodged            ||    22

Levels and vault maps discovered:
D:1:      heliophobic_arrival_enchanted_forest, layout_basic, serial_shops,
          nicolae_shop_trees, minmay_bisected

Notes
Turn   | Place    | Note
-------+----------+-------------------------------------------
     0 | D:1      | Sobieck the Octopode Transmuter began the quest for the
                  | Orb.
     0 | D:1      | Reached XP level 1. HP: 13/13 MP: 3/3
   176 | D:1      | Found Kuh Bibb's Armour Shoppe.
   358 | D:1      | Reached XP level 2. HP: 17/18 MP: 5/5
   455 | D:1      | Reached skill level 1 in Stealth
   798 | D:1      | HP: 4/18 [ball python (1)]
   801 | D:1      | HP: 1/18 [bat (1)]
   802 | D:1      | Slain by a bat

Vanquished Creatures
  3 ball pythons (D:1)
  2 bats (D:1)
  2 endoplasms (D:1)
  4 hobgoblins (D:1)
  A kobold (D:1)
  A quokka (D:1)
  2 frilled lizards (D:1)
  A rat (D:1)
16 creatures vanquished.

Table legend:
 A = Non-vault XP
 B = Vault XP
 C = Vault XP percentage of total XP
 D = Non-vault monster count
 E = Vault monster count
 F = Vault count percentage of total count
                 A         B        C        D         E       F
            +---------+---------+-------+---------+---------+-------
      Total |      22 |       6 |  21.4 |      12 |       4 |  25.0
            +---------+---------+-------+---------+---------+-------
        D:1 |      22 |       6 |  21.4 |      12 |       4 |  25.0
            +---------+---------+-------+---------+---------+-------

Illustrated notes

Table legend:
 A = Kills in this place as a percentage of kills in entire the game.
 B = Kills by you in this place as a percentage of kills by you in the entire game.
 C = Kills by friends in this place as a percentage of kills by friends in the entire game.
 D = Other kills in this place as a percentage of other kills in the entire game.
 E = Experience gained in this place as a percentage of experience gained in the entire game.
 F = Experience gained in this place divided by the number of levels of this place that you have seen.
                   A       B       C       D       E      F
               +-------+-------+-------+-------+-------+----------------------
         Total | 100.0 | 100.0 |   N/A |   N/A | 100.0 |  28.0
       Dungeon | 100.0 | 100.0 |   N/A |   N/A | 100.0 |  28.0
               +-------+-------+-------+-------+-------+----------------------

Table legend: (Time is in decaauts)
 A = Elapsed time spent in this place.
 B = Non-inter-level travel time spent in this place.
 C = Inter-level travel time spent in this place.
 D = Time resting spent in this place.
 E = Time spent auto-exploring this place.
 F = Levels seen in this place.
 G = Mean time per level.
                   A        B        C        D        E       F      G
               +--------+--------+--------+--------+--------+-----+--------+
         Total |    800 |    800 |      0 |    198 |    498 |   1 |  800.0 |
       Dungeon |    800 |    800 |      0 |    198 |    498 |   1 |  800.0 |
               +--------+--------+--------+--------+--------+-----+--------+

Top non-repeatable levels by time:
     D:1: 800 daAuts
